 Dungeon Crawl Stone Soup version 0.19.1 (webtiles) character file.

255 Peloso the Skirmisher (level 5, 0/42 HPs)
             Began as a Demonspawn Fighter on Dec 18, 2016.
             Killed from afar by a white imp (7 damage)
             ... with a puff of frost
             ... summoned by Natasha
             ... on level 3 of the Dungeon.
             The game lasted 00:07:51 (2551 turns).

Peloso the Skirmisher (Demonspawn Fighter)          Turns: 2551, Time: 00:07:52

Health: 0/42       AC: 17    Str: 17    XL:     5   Next: 91%
Magic:  5/5        EV:  8    Int:  9    God:
Gold:   132        SH:  9    Dex: 13    Spells: 0 memorised, 4 levels left

rFire  . . .     SeeInvis .     a - +0 long sword
rCold  . . .     Gourm    +     b - +0 scale mail
rNeg   . . .     Faith    .     c - +0 shield
rPois  .         Spirit   .     o - +0 helmet
rElec  .         Reflect  .     (no cloak)
rCorr  .         Harm     .     (no gloves)
MR     .....                    (no boots)
Stlth  ..........               i - amulet of the gourmand
                                (no ring)
                                r - ring of wizardry

@: sanguine armour
A: claws 1, powered by death 1, sanguine armour 2
a: no special abilities


You were on level 3 of the Dungeon.
You were not hungry.

You visited 1 branch of the dungeon, and saw 3 of its levels.

You collected 132 gold pieces.

Inventory:

Hand Weapons
 a - a +0 long sword (weapon)
Armour
 b - a +0 scale mail (worn)
 c - a +0 shield (worn)
 o - a +0 helmet (worn)
Jewellery
 g - an uncursed amulet of magic regeneration
 i - an amulet of the gourmand (around neck)
 r - a ring of wizardry (left claw)
Scrolls
 j - 3 scrolls of teleportation {unknown}
 k - a scroll of fear {unknown}
 p - a scroll of enchant weapon {unknown}
 q - a scroll of remove curse {unknown}
 s - a scroll of fog {unknown}
 t - a scroll of recharging {unknown}
 u - a scroll of identify {unknown}
Potions
 d - a potion of might
 e - a potion of brilliance {unknown}
 h - a potion of curing {unknown}
 n - a potion of lignification {unknown}
 v - a potion of heal wounds {unknown}
Comestibles
 f - 3 bread rations
 l - a meat ration
 m - a beef jerky
 w - a slice of pizza


   Skills:
 + Level 3.7 Fighting
 + Level 3.3 Long Blades
 + Level 3.6 Armour
 + Level 1.7 Dodging
 + Level 0.4 Stealth
 + Level 3.5 Shields


You had 4 spell levels left.
You didn't know any spells.

Dungeon Overview and Level Annotations

Branches:
Dungeon (3/15)

Altars:

Annotations:
D:3 Natasha


Innate Abilities, Weirdness & Mutations

You have sharp fingernails.
You regenerate a little health from kills.
When seriously injured, your bleeding wounds create thick armour. (AC +9)


Message History

The white imp hits you but does no damage.
You hit Natasha.
Natasha is almost dead.
The white imp hits you but does no damage.
The goblin barely misses you.
You riposte.
You hit the goblin.
You kill the goblin!
Natasha claws you but does no damage.
The white imp hits you but does no damage.
The white imp gestures at you. The puff of frost hits you!
You closely miss Natasha.
Natasha is almost dead.
Natasha casts a spell at you. You resist with some effort.
The white imp gestures at you. The puff of frost hits you!
* * * LOW HITPOINT WARNING * * *
The white imp gestures at you. The puff of frost hits you!
You die...

.....................'....
...................###....
...................# #....
...................# #....
.................(.# #....
...................# #....
...................# #....
..........5........# #####
........)@h........#
........5..........#
...................#######
...............>....).....
...................######.
................([.# #.
...?...............######'
#########....###.........
#....# #.........


You could see Natasha and 2 white imps.

Vanquished Creatures
  An orc priest (D:3)
  Jessica (D:3)
  Terence (D:3)
  Natasha (D:3)
  2 gnolls
  5 adders (D:2)
  2 worms
  3 dart slugs
  2 leopard geckos (D:3)
  10 orcs (D:3)
  A giant cockroach (D:1)
  5 goblins
  7 hobgoblins
  7 kobolds
  11 bats
  2 frilled lizards
  5 rats
66 creatures vanquished.

Notes
Turn   | Place    | Note
-------+----------+-------------------------------------------
     0 | D:1      | Peloso the Demonspawn Fighter began the quest for the Orb.
     0 | D:1      | Reached XP level 1. HP: 18/18 MP: 1/1
   182 | D:1      | Gained mutation: When seriously injured, your bleeding wounds create armour. (AC +9) [demonic ancestry]
   182 | D:1      | Reached XP level 2. HP: 24/24 MP: 2/2
   755 | D:2      | Gained mutation: You regenerate a little health from kills. [demonic ancestry]
   755 | D:2      | Reached XP level 3. HP: 23/29 MP: 3/3
  1358 | D:2      | Gained mutation: You have sharp fingernails. [demonic ancestry]
  1358 | D:2      | Reached XP level 4. HP: 28/35 MP: 4/4
  1968 | D:3      | Reached skill level 1 in Dodging
  2051 | D:3      | Noticed Natasha
  2061 | D:3      | Killed Natasha
  2061 | D:3      | Gained mutation: When seriously injured, your bleeding wounds create thick armour. (AC +9) [demonic ancestry]
  2061 | D:3      | Reached XP level 5. HP: 15/41 MP: 5/5
  2308 | D:3      | Noticed Terence
  2309 | D:3      | Noticed Jessica
  2336 | D:3      | Killed Terence
  2339 | D:3      | Killed Jessica
  2535 | D:3      | Noticed Natasha
  2551 | D:3      | Killed from afar by a white imp

Skill      XL: |  1  2  3  4  5 |
---------------+----------------+-----
Shields        | 3 |  3.5
Armour         | 3 |  3.6
Long Blades    | 2 3 |  3.3
Dodging        | 1 |  1.7
Fighting       | |  3.7
Stealth        | |  0.4

Action                   |  1- 3 |  4- 6 || total
-------------------------+-------+-------++-------
Melee: Long sword        |   137 |   126 ||   263
  Eat: Chunk             |     4 |     6 ||    10
Armor: Scale mail        |    91 |    67 ||   158
Dodge: Dodged            |    47 |    34 ||    81
Block: Shield            |    77 |    71 ||   148
       Rpst.: Long sword |    16 |    12 ||    28
